 Dungeon Crawl Stone Soup version 0.21-a0-404-g291f19a (webtiles) character file.

658969 theanonym the Slayer (level 27, -4/240 HPs)
             Began as a Formicid Abyssal Knight on Oct 30, 2017.
             Was the Champion of Lugonu.
             Succumbed to a Killer Klown's poison
             ... on level 1 of the Abyss on Oct 31, 2017.
             The game lasted 07:05:40 (87968 turns).

theanonym the Slayer (Formicid Abyssal Knight)     Turns: 87968, Time: 07:05:40

Health: -4/240     AC: 36    Str: 27    XL:     27
Magic:  11/44      EV: 10    Int: 15    God:    Lugonu [******]
Gold:   4798       SH: 32    Dex: 13    Spells: 29/60 levels left

rFire    + + +     SeeInvis +   a - +12 broad axe of Reason {freeze, rF+ rC+}
rCold    + + +     Gourm    .   s - +18 shield of the Gong {rElec rN+ MR+ EV-5}
rNeg     + + .     Faith    .   e - +10 plate armour of Elyvilon {MR+ Int+2}
rPois    +         Spirit   .   (helmet unavailable)
rElec    +         Reflect  .   H - scarf {rC+ rF+}
rCorr    +         Harm     .   S - +2 pair of gloves {Dex+3}
MR       ++++.                  m - +2 pair of boots {Fly}
Stlth    ..........             Q - amulet of regeneration
HPRegen  0.90/turn              I - ring "Tiurch" {Wiz rPois}
MPRegen  0.29/turn              t - ring of Mirth {rF++ rC+ rN+}

@: lethally poisoned (-4 -> -71), resistant
A: permanent stasis, dig shafts and tunnels, four strong arms, antennae 3, dopey
1
}: 3/15 runes: serpentine, barnacled, silver
a: Dig, Shaft Self, Depart the Abyss, Bend Space, Banish, Corrupt, Enter the
Abyss, Brand Weapon With Distortion, Renounce Religion, Evoke Flight


You were on level 1 of the Abyss.
You worshipped Lugonu.
Lugonu was exalted by your worship.
You were very hungry.

You visited 11 branches of the dungeon, and saw 52 of its levels.
You visited the Abyss 2 times.
You visited 1 bazaar.
You also visited: Labyrinth, Trove, Ossuary and Wizlab.

You collected 8892 gold pieces.
You spent 4094 gold pieces at shops.

Inventory:

Hand Weapons
 a - the +12 broad axe of Reason (weapon) {freeze, rF+ rC+}
   (You took it off a spriggan rider on level 2 of the Depths)

   It has been specially enchanted to freeze those struck by it, causing extra
   injury to most foes and up to half again as much damage against particularly
   susceptible opponents.
   It can also slow down cold-blooded creatures.
   It protects you from fire.
   It protects you from cold.
 b - the +18 lance "Wyrmbane" {slay drac, rPois rF+ rC+ AC+3}
   (You found it on level 4 of the Depths)

   It affects your AC (+3).
   It protects you from fire.
   It protects you from cold.
   It protects you from poison.
 F - a +3 battleaxe of holy wrath
   (You subdued it on level 2 of the Elven Halls)
Armour
 e - the +10 plate armour of Elyvilon (worn) {MR+ Int+2}
   (You bought it in a shop on level 2 of the Orcish Mines)

   It affects your intelligence (+2).
   It affects your resistance to hostile enchantments.
 m - a +2 pair of boots of flying (worn)
   (You found it on level 12 of the Dungeon)
 s - the +18 shield of the Gong (worn) {rElec rN+ MR+ EV-5}
   (You found it on level 2 of the Crypt)

   It affects your evasion (-5).
   It insulates you from electricity.
   It protects you from negative energy.
   It affects your resistance to hostile enchantments.
 B - a +1 cloak of magic resistance
   (You took it off Maurice on level 13 of the Dungeon)
 D - the +3 large shield of Cumen {-Tele Str+3}
   (You found it in a treasure trove)

   It affects your strength (+3).
   It prevents most forms of teleportation.
 H - a scarf of resistance (worn)
   (You found it on level 15 of the Dungeon)
 S - a +2 pair of gloves of dexterity (worn)
   (You bought it in a shop on level 3 of the Depths)
Jewellery
 n - the ring "Veinuwk" {rF+ rN+ MR+ Stlth-}
   (You took it off an orc high priest on level 3 of the Depths)

   [ring of protection from fire]

   It protects you from fire.
   It protects you from negative energy.
   It affects your resistance to hostile enchantments.
   It makes you less stealthy.
 p - the ring "Vaaz Osi" {rPois Str+4 Dex+4}
   (You found it on level 3 of the Crypt)

   [ring of poison resistance]

   It affects your strength (+4).
   It affects your dexterity (+4).
   It protects you from poison.
 t - the ring of Mirth (right hand) {rF++ rC+ rN+}
   (You found it on level 3 of the Crypt)

   [ring of positive energy]

   It greatly protects you from fire.
   It protects you from cold.
   It protects you from negative energy.
 u - a +6 amulet of reflection
   (You found it on level 3 of the Dungeon)
 z - the ring of Qaxzuocw {rPois rN+}
   (You found it on level 1 of the Elven Halls)

   [ring of poison resistance]

   It protects you from poison.
   It protects you from negative energy.
 C - the ring "Ikogigiy" {Wiz rElec rC+ Str-3}
   (You took it off a centaur warrior on level 2 of the Depths)

   [ring of wizardry]

   It improves your spell success rate.
   It affects your strength (-3).
   It protects you from cold.
   It insulates you from electricity.
 I - the ring "Tiurch" (left hand) {Wiz rPois}
   (You took it off a vampire knight on level 3 of the Depths)

   [ring of wizardry]

   It improves your spell success rate.
   It protects you from poison.
 L - an uncursed ring of resist corrosion
   (You took it off a deep elf blademaster on level 3 of the Elven Halls)
 Q - an amulet of regeneration (around neck)
   (You found it on level 2 of the Vaults)
Wands
 g - a wand of digging (10/24)
   (You found it on level 6 of the Dungeon)
 x - a wand of acid (5/15)
   (You found it on level 13 of the Dungeon)
 R - a wand of clouds (7/9)
   (You took it off a deep elf mage on level 2 of the Elven Halls)
 U - a wand of acid (4/15)
   (You found it on level 5 of the Vaults)
 V - a wand of digging (11/24)
   (You found it on level 5 of the Vaults)
Scrolls
 f - 7 scrolls of magic mapping
 h - 11 scrolls of enchant armour
 l - 4 scrolls of immolation
 o - 26 scrolls of remove curse
 q - 10 scrolls of fear {!r}
 r - 12 scrolls of identify
 w - 6 scrolls of enchant weapon
 y - 3 scrolls of fog {!r}
 G - 4 scrolls of recharging
 K - a scroll of silence
 W - 2 scrolls of holy word
 X - 2 scrolls of summoning
Potions
 i - 14 potions of flight
 j - a potion of invisibility
 A - 2 potions of heal wounds
 E - 19 potions of curing
 M - 4 potions of ambrosia
 N - 5 potions of mutation
 T - 2 potions of cancellation
Miscellaneous
 v - 2 phantom mirrors
 Z - a fan of gales
   (You found it on level 3 of the Depths)
Comestibles
 c - 4 bread rations
 d - a meat ration
 Y - 23 royal jellies


   Skills:
 + Level 24.5 Fighting
 - Level 20.0(20.3) Axes
 + Level 7.4(15.0) Polearms
 - Level 20.0 Armour
 - Level 13.3 Dodging
 - Level 15.0 Shields
 - Level 17.0 Spellcasting
 - Level 15.0 Hexes
 + Level 15.9 Charms
 + Level 12.4 Air Magic
 - Level 15.3 Invocations
 - Level 1.9 Evocations


You had 29 spell levels left.
You knew the following spells:

 Your Spells              Type           Power        Failure   Level  Hunger
a - Deflect Missiles      Chrm/Air       ######....   4%          6    #####..
b - Spectral Weapon       Hex/Chrm       ######..     1%          3    None
c - Silence               Hex/Air        ######....   1%          5    ####...
d - Darkness              Hex            ######....   2%          6    #####..
e - Invisibility          Hex            ######..     2%          6    #####..
r - Regeneration          Chrm/Necr      #####.....   1%          3    None
s - Swiftness             Chrm/Air       ######..     1%          2    None


Dungeon Overview and Level Annotations

Branches:
Dungeon (15/15)            Temple (0/1) D:6            Lair (6/6) D:10
 Shoals (4/4) Lair:2        Snake (4/4) Lair:3        Slime (0/5) Lair:6
    Orc (2/2) D:10            Elf (3/3) Orc:2        Vaults (5/5) D:13
  Crypt (3/3) Vaults:2       Tomb (0/3) Crypt:3      Depths (5/5) D:15
   Hell (1/1)                 Zot (4/5) Depths:5
    Dis: Hell:1         Geh: Hell:1         Coc: Hell:1         Tar: Hell:1

Altars:
Cheibriados
Dithmenos
Fedhas
Gozag
Nemelex Xobeh
Qazlal
Ru
Sif Muna
Trog
Wu Jian
Xom
Jiyva

Shops:
D:13 [   Orc:2 [([:*   Elf:1 [*   Snake:1 *   Snake:2 }:}:%   Vaults:1 [
Vaults:5 }=   Depths:3 [

Portals:
Hell: Depths:1 Depths:2 Depths:3 Depths:4 Depths:5
Abyss: Depths:4
Pandemonium: Depths:3 Depths:4
Ziggurat: Depths:4

Annotations:
D:4 exclusion: ogre
D:7 exclusion: sensed monster (detected)
D:8 corrupted
Lair:2 exclusion: oklob plant
Lair:6 exclusion: 2 oklob plants
Shoals:4 corrupted
Snake:3 corrupted
Hell corrupted
Zot:4 corrupted
Abyss:1 Asterion, Bai Suzhen, Erolcha


Innate Abilities, Weirdness & Mutations

You cannot be hasted, slowed, berserked, paralysed or teleported.
You can dig through walls and to a lower floor.
Your four strong arms can wield two-handed weapons with a shield.
You have a pair of large antennae on your head. (SInv)
You are dopey. (Int -2)


Message History

BOUMMMMG!
The sixfirhy hits something.
The sixfirhy shocks something.
The purple draconian breathes dispelling energy at you.
The bolt of dispelling energy hits you!
* * * LOW HITPOINT WARNING * * *
The green draconian is engulfed in blazing flames.
You block the green draconian's attack.
SHROANNG!
The green draconian tail-slaps you but does no damage.
The red draconian hits you from afar with a halberd of freezing.
* * * LOW HITPOINT WARNING * * *
You take 2 damage, and have 60/240 hp.
You feel protected.
The sixfirhy hits something but does no damage.
The sixfirhy hits something.
The sixfirhy shocks something.
The sixfirhy hits something but does no damage.
The quicksilver dragon bites you!
* * * LOW HITPOINT WARNING * * *
You block the quicksilver dragon's attack.
GONNNNG!
The quasit closely misses the purple draconian. x3
Something hits the sixfirhy!
Something freezes the sixfirhy!
You block the black draconian's attack.
BONNNG!
The white draconian shifter casts a spell.
The green draconian blinks!
The purple draconian blinks!
The Killer Klown blinks!
You block the purple draconian's attack.
BOUMMMMG!
The green draconian hits you with a halberd!
* * * LOW HITPOINT WARNING * * *
The green draconian tail-slaps you.
* * * LOW HITPOINT WARNING * * *
You block the Killer Klown's attack.
PTOANNNG!
The green draconian hits you but does no damage.
The green draconian tail-slaps you!
* * * LOW HITPOINT WARNING * * *
You block the quicksilver dragon's attack.
PTOANNNG!
The quicksilver dragon claws you but does no damage.
The white draconian stormcaller mumbles some strange prayers to Qazlal against you.
Qazlal smites you!
* * * LOW HITPOINT WARNING * * *
The red draconian hits you but does no damage.
You take 47 damage, and have 13/240 hp.
Okay, then.
You're too hungry.
Eat a chunk of flesh? (ye/n/q)
Okay, then.
You feel much better.
You block the quicksilver dragon's attack.
GONNNNG!
You block the quicksilver dragon's attack.
BONNNG!
The Killer Klown pounds you!
* * * LOW HITPOINT WARNING * * *
You are lethally poisoned!
The Killer Klown poisons you! You block the black draconian's attack.
GONNNNG!
The purple draconian hits you but does no damage.
The purple very ugly thing tail-slaps the quicksilver dragon but does no damage.
You block the green draconian's attack.
PANG!
The green draconian tail-slaps you but does no damage.
You regained 18 hp, and now have 31/240 hp.
Eat a chunk of flesh? (ye/n/q)
You eat the chunk of flesh.
You are feeling hungry.
* * * LOW HITPOINT WARNING * * *
You feel extremely sick.
You block the quicksilver dragon's attack.
SHROANNG!
You block the quicksilver dragon's attack.
GONNNNG!
The Killer Klown karate-kicks you but does no damage.
The green draconian hits you but does no damage.
The green draconian tail-slaps you but does no damage.
The red draconian misses you. You block the black draconian's attack.
BONNNG!
The purple draconian hits you with a scimitar!
* * * LOW HITPOINT WARNING * * *
The purple very ugly thing tail-slaps the quicksilver dragon.
The quicksilver dragon bites you but does no damage.
The quicksilver dragon claws you but does no damage.
The white draconian stormcaller calls down the wrath of Qazlal upon you.
Qazlal smites you!
* * * LOW HITPOINT WARNING * * *
The green draconian hits you but does no damage.
You block the green draconian's attack.
BONNNG!
You hear a roar!
You take 29 damage, and have 2/240 hp.
To return, you must find a gate leading back.
Killing monsters will force the Abyss to allow you passage.
This branch contains the abyssal rune of Zot.
Beware, you cannot shaft yourself on this level.
Level annotation: Asterion, Bai Suzhen, Erolcha
* * * LOW MAGIC WARNING * * *
You are feeling very hungry.
You die...

.. ..# #..
.#.'###
.......
....... ##
.......#.#
#@.#
...∩.....#
....#..#.#
#. ...# .#
...# ..
..... ...
.... #.#
.... .#


There were no monsters in sight!

Vanquished Creatures
  An ancient lich (Zot:4)
  Mara (Elf:3)
  Mennas (Depths:3)
  Frederick (Crypt:2)
  Boris (Crypt:2)
  Saint Roka (Crypt:3)
  7 golden dragons
  Vashnia (Snake:3)
  5 curse toes
  A Brimstone Fiend (WizLab)
  5 electric golems
  Jorgrun (Elf:2)
  16 tentacled monstrosities
  4 liches
  A shard shrike skeleton (Crypt:3)
  2 deep elf blademasters
  4 titans
  7 death cobs
  Polyphemus (Shoals:2)
  6 quicksilver dragons
  A kraken (Shoals:1)
  Gastronok (Lair:2)
  6 sphinxes
  6 ancient champions
  14 nagarajas
  Kirke (Lair:4)
  15 shadow dragons
  5 revenants
  4 tengu reavers
  12 storm dragons
  6 draconian monks
  17 fire giants
  Roxanne (Snake:4)
  12 frost giants
  4 iron dragons
  2 ghost moths
  6 deep elf sorcerers
  9 vault wardens
  4 draconian knights
  2 orc warlords
  A curse skull (Crypt:2)
  3 ghouls
  4 draconian scorchers
  Louise (Elf:2)
  4 spriggan defenders
  A balrug (WizLab)
  7 draconian shifters
  2 reapers
  14 ironheart preservers
  5 deep elf elementalists
  3 draconian stormcallers
  8 draconian annihilators
  26 stone giants
  5 war gargoyles
  2 entropy weavers
  38 very ugly things
  11 vampire knights
  9 deep elf demonologists
  10 green draconians
  9 red draconians
  6 black draconians
  4 white draconians
  11 yellow draconians
  A lorocyproca (WizLab)
  3 deep elf annihilators
  9 purple draconians
  5 spark wasps
  7 jiangshi
  A blizzard demon (Depths:1)
  20 ettins
  A merfolk javelineer (Shoals:4)
  6 deep elf death magi
  26 fire dragons
  A quicksilver dragon zombie (Crypt:2)
  13 eidola
  7 merfolk impalers
  A crystal guardian (Vaults:1)
  A minotaur (Lab)
  A mummy priest (Depths:3)
  A spectral quicksilver dragon (Crypt:3)
  21 yaktaur captains
  24 ogre magi
  5 deep elf high priests
  6 rakshasas
  8 great orbs of eyes
  33 vault guards
  17 naga warriors
  A monstrous demonspawn (Depths:3)
  10 ice dragons
  4 spriggan air magi
  2 spectral shadow dragons
  2 catoblepae
  13 centaur warriors
  2 hydras
  The ghost of p0werm0de the Martial Artist, a journeyman OpIE of Uskayaw (D:11)
  65 two-headed ogres
  4 anacondas
  4 merfolk aquamancers
  A spectral stone giant (Crypt:3)
  2 death knights
  4 merfolk avatars
  A spectral frost giant (Crypt:3)
  2 death yaks (Shoals:1)
  Erica (Lair:2)
  3 satyrs
  10 deep troll shamans
  6 orc high priests
  4 alligator snapping turtles
  33 dancing weapons
  5 tengu warriors
  15 naga sharpshooters
  7 deep troll earth magi
  A spectral dire elephant (Crypt:3)
  5 vampire magi
  The ghost of drevant the Summoner, a novice GnSu of Sif Muna (D:10)
  5 spectral storm dragons (Crypt:3)
  Nergalle (Lair:1)
  4 spriggan berserkers
  5 sun demons
  4 hell knights
  8 shock serpents
  25 deep elf knights
  An iron golem (Hell)
  A titan skeleton (Vaults:5)
  3 iron trolls
  16 skeletal warriors
  2 soul eaters
  A fire crab (Lair:5)
  8 shadow wraiths
  4 unseen horrors
  19 deep trolls
  3 salamander mystics
  An infernal demonspawn (Depths:3)
  7 sea snakes
  An iron giant zombie (Crypt:3)
  10 flayed ghosts
  A swamp dragon (Vaults:1)
  A shadow demon (WizLab)
  4 naga ritualists
  10 wizards
  4 glowing orange brains
  A spriggan druid (Elf:3)
  10 phantasmal warriors
  A wolf spider zombie (D:13)
  2 lindwurms
  12 harpies
  12 deep elf archers
  Pikel (D:4)
  3 orc sorcerers
  A stone giant zombie (Vaults:5)
  10 necromancers
  2 spectral ettins (Crypt:3)
  13 fauns
  18 ironbrand convokers
  2 frost giant zombies (Vaults:5)
  A sphinx zombie (Depths:1)
  40 ugly things
  82 deep elf magi
  9 manticores
  3 wolf spiders (Vaults:1)
  18 orc knights
  7 mana vipers
  A spectral fire dragon (Crypt:3)
  8 cyclopes
  7 salamanders
  A mana viper (shapeshifter) (Depths:4)
  16 moths of wrath
  A shining eye (shapeshifter) (Depths:2)
  A spectral ice dragon (Crypt:3)
  17 guardian serpents
  A moth of wrath (shapeshifter) (Vaults:5)
  Joseph (Lair:1)
  6 rust devils
  16 vault sentinels
  3 elephants
  7 merfolk sirens
  Maurice (D:13)
  A titan simulacrum (Crypt:3)
  3 smoke demons (WizLab)
  2 molten gargoyles (Lair:6)
  2 gargoyles
  13 naga magi
  Psyche (D:9)
  8 water nymphs
  29 black mambas
  An eye of devastation (shapeshifter) (Vaults:4)
  A torpor snail (Lair:5)
  14 spiny frogs
  2 hellions
  2 kobold demonologists (Depths:3)
  64 yaktaurs
  2 rime drakes (Lair:6)
  A yaktaur zombie (Depths:1)
  A white draconian zombie (Crypt:1)
  2 ice devils (WizLab)
  2 efreet (D:15)
  13 komodo dragons
  2 yaktaurs (shapeshifter)
  A spectral harpy (Crypt:3)
  A tormentor (WizLab)
  7 tengu conjurers
  An alligator snapping turtle skeleton (Crypt:3)
  25 freezing wraiths
  A purple draconian skeleton (Crypt:1)
  A queen bee (shapeshifter) (Vaults:4)
  3 harpy zombies (Shoals:4)
  A sea snake skeleton (Crypt:1)
  A hornet (shapeshifter) (Depths:3)
  2 polar bears (Elf:3)
  21 merfolk
  6 trolls
  A jumping spider (Vaults:1)
  5 wind drakes
  2 blink frogs (shapeshifter)
  A bog body (Crypt:2)
  9 hornets
  32 blink frogs
  A hippogriff (shapeshifter) (Vaults:5)
  A hydra skeleton (Crypt:1)
  A meliai zombie (D:15)
  An alligator zombie (Crypt:2)
  An ice dragon zombie (Depths:1)
  A deep troll zombie (Depths:1)
  A frost giant simulacrum (Crypt:3)
  2 dream sheep (Shoals:3)
  9 snapping turtles
  A human simulacrum (Vaults:3)
  15 hippogriffs
  A guardian serpent zombie (Crypt:2)
  A harpy skeleton (Crypt:3)
  A stone giant simulacrum (Depths:1)
  A dream sheep (shapeshifter) (Vaults:3)
  18 slime creatures
  An ice dragon skeleton (Crypt:2)
  An alligator skeleton (Crypt:2)
  An ettin skeleton (Depths:1)
  8 wyverns
  11 redbacks
  A shadow (Crypt:3)
  4 air elementals
  9 wraiths
  A tarantella (shapeshifter) (Vaults:1)
  Sigmund (D:5)
  A vampire (D:15)
  A ynoxinul (WizLab)
  22 water elementals
  2 basilisks (Lair:6)
  3 fire elementals
  A human (shapeshifter) (D:13)
  A black mamba skeleton (Crypt:2)
  9 spriggans
  2 yaks (shapeshifter)
  Eustachio (D:5)
  A human (D:7)
  48 yaks
  5 hogs
  7 hungry ghosts
  5 chaos spawn
  A swamp worm (shapeshifter) (Vaults:3)
  A soldier ant (shapeshifter) (Vaults:2)
  10 wargs
  51 nagas
  2 spectral snapping turtles (Crypt:3)
  Edmund (D:5)
  Duvessa (D:6)
  A floating eye (shapeshifter) (Depths:5)
  3 hell hounds (Lair:6)
  15 porcupines
  A deep troll skeleton (Crypt:2)
  2 sky beasts
  14 water moccasins
  A black bear (shapeshifter) (Depths:4)
  2 ice beasts
  48 orc warriors
  A manticore zombie (Crypt:3)
  3 black bears
  46 ogres
  2 necrophages (Crypt:2)
  5 phantoms
  19 boggarts
  A wolf (Vaults:1)
  17 centaurs
  A lindwurm skeleton (Crypt:1)
  10 crocodiles
  A hippogriff zombie (Shoals:4)
  7 big kobolds
  A wyvern zombie (D:13)
  15 bullfrogs
  2 gnoll sergeants (D:10)
  A salamander skeleton (Crypt:3)
  An elf skeleton (Crypt:2)
  A cyclops zombie (Crypt:1)
  Dowan (D:6)
  A wyvern skeleton (D:11)
  3 earth elementals
  5 scorpions
  A scorpion (shapeshifter) (Vaults:1)
  A spectral naga (Crypt:3)
  A spriggan zombie (Crypt:1)
  A howler monkey (shapeshifter) (Vaults:5)
  8 wights
  2 howler monkeys
  2 electric eels
  2 bullfrog zombies
  4 lava snakes (Lair:6)
  5 crimson imps
  2 centaur zombies
  3 human zombies (Ossuary)
  A quasit (D:9)
  4 centaur skeletons
  11 hounds
  28 orc wizards
  4 jellies
  Crazy Yiuf (D:5)
  7 bullfrog skeletons
  20 orc priests
  A black bear skeleton (Crypt:3)
  An iguana (D:12)
  Ijyb (D:5)
  4 yak simulacra (Lair:6)
  7 worker ants
  4 polar bear simulacra (Lair:6)
  A crocodile zombie (Crypt:2)
  A naga skeleton (Crypt:1)
  2 hound zombies
  An ogre skeleton (Crypt:2)
  A hound skeleton (D:7)
  3 mummies (Ossuary)
  A howler monkey zombie (D:7)
  3 gnolls (D:3)
  2 howler monkey skeletons
  An adder (shapeshifter) (Depths:2)
  8 adders
  4 shadow imps
  2 white imps (Vaults:1)
  2 adder zombies
  An iguana skeleton (Crypt:3)
  An iguana zombie (Crypt:1)
  An ooze (D:10)
  2 adder skeletons
  3 worms
  A dart slug (D:2)
  6 leopard geckos
  81 orcs
  12 bats
  3 giant cockroaches
  A gnoll zombie (Ossuary)
  12 goblins
  9 hobgoblins
  3 jackals
  3 kobolds
  5 quokkas
  3 ball pythons (D:2)
  A ball python skeleton (Crypt:2)
  6 frilled lizards
  A goblin zombie (Ossuary)
  2 hobgoblin zombies (Ossuary)
  A kobold zombie (Crypt:2)
  3 leopard gecko skeletons
  A leopard gecko zombie (Crypt:3)
  6 rats
  3 river rat simulacra (Lair:6)
  A river rat zombie (Crypt:3)
  2 crawling corpses (Vaults:3)
  5 fungi
  4 plants
  A spectral weapon (Vaults:5)
  3 tentacles (Shoals:1)
2423 creatures vanquished.

Vanquished Creatures (others)
  Geryon (Hell)
  A tentacled monstrosity (Hell)
  A deep elf master archer (Elf:3)
  A death cob (Zot:1)
  2 nagarajas (Snake:4)
  Ilsuiw (Shoals:4)
  A tengu reaver (Vaults:5)
  A vault warden (Vaults:5)
  An orc warlord (Orc:2)
  Aizul (Snake:3)
  A reaper (Hell)
  A spriggan defender (Depths:2)
  4 stone giants
  A draconian stormcaller (Zot:1)
  A green draconian (Zot:1)
  A purple draconian (Zot:4)
  4 spark wasps
  A white draconian (Zot:4)
  5 merfolk javelineers (Shoals:4)
  A merfolk impaler (Shoals:4)
  4 blizzard demons (Hell)
  A fire dragon (Lair:6)
  A yaktaur captain (Depths:3)
  A great orb of eyes (Depths:4)
  2 naga warriors
  4 hydras
  3 centaur warriors
  A merfolk avatar (Shoals:4)
  2 satyrs (Shoals:3)
  2 death knights (Vaults:2)
  A two-headed ogre (D:8)
  2 hell hogs (Hell)
  A vampire mage (Depths:4)
  5 naga sharpshooters
  A spriggan berserker (Depths:4)
  3 hell knights (Hell)
  Sonja (Lair:1)
  A deep elf knight (Elf:2)
  An iron golem (Hell)
  A shadow wraith (Vaults:1)
  A spark wasp zombie (Hell)
  2 sea snakes (Shoals:4)
  A flayed ghost (Vaults:5)
  A naga ritualist (Snake:3)
  5 deep elf archers
  A glowing orange brain (Depths:4)
  2 harpies (Shoals:4)
  A necromancer (Hell)
  4 deep elf magi
  A phantasmal warrior (Depths:3)
  2 cyclopes
  2 fauns (Shoals:3)
  2 manticores (Shoals:4)
  2 moths of wrath
  A spriggan zombie (Hell)
  A guardian serpent (Snake:3)
  A rust devil (Hell)
  2 merfolk sirens (Shoals:4)
  A molten gargoyle (Hell)
  A naga mage (Snake:3)
  A hellion (Hell)
  8 yaktaurs
  A komodo dragon (Lair:6)
  4 merfolk (Shoals:4)
  A freezing wraith (Hell)
  A tengu conjurer (Depths:1)
  2 wind drakes (Shoals:4)
  A troll (D:7)
  A deep troll zombie (Hell)
  3 snapping turtles (Shoals:4)
  2 water elementals (Shoals:4)
  A fire elemental (Hell)
  A human (Lair:4)
  2 nagas
  An orc warrior (Orc:2)
  6 boggarts
  16 centaurs
  A bullfrog (D:15)
  3 wights (D:8)
  A crimson imp (D:8)
  A bullfrog skeleton (D:8)
  An orc wizard (Orc:2)
  An iguana (D:8)
  3 orcs
  13 fungi
  62 plants
  62 spectral weapons
  13 starspawn tentacles
  A tentacle (Shoals:1)
317 creatures vanquished.

Grand Total: 2740 creatures vanquished

Notes
Turn   | Place    | Note
-------+----------+-------------------------------------------
     0 | Abyss:1  | theanonym the Formicid Abyssal Knight began the quest for the Orb.
     0 | Abyss:1  | Reached XP level 1. HP: 18/18 MP: 2/2
    20 | D:1      | Escaped the Abyss
   292 | D:1      | Reached XP level 2. HP: 16/24 MP: 3/3
   932 | D:1      | Reached XP level 3. HP: 29/29 MP: 4/4
  1246 | D:2      | Reached skill level 1 in Shields
  1301 | D:2      | Reached ** piety under Lugonu
  1370 | D:2      | Found a shadowy altar of Dithmenos.
  1376 | D:2      | Found a bloodstained altar of Trog.
  1526 | D:2      | Reached XP level 4. HP: 22/36 MP: 6/6
  1962 | D:3      | Reached skill level 3 in Axes
  1995 | D:3      | Reached skill level 2 in Shields
  2172 | D:3      | Reached skill level 3 in Invocations
  2172 | D:3      | Reached XP level 5. HP: 14/42 MP: 7/7
  2314 | D:3      | HP: 5/42 [gnoll/halberd (12)]
  2893 | D:3      | Found a sacrificial altar of Ru.
  2998 | D:4      | Noticed an ogre
  3062 | D:4      | Reached skill level 3 in Armour
  3099 | D:4      | Reached skill level 4 in Fighting
  3234 | D:4      | Found a sparkling altar of Nemelex Xobeh.
  3258 | D:4      | Reached XP level 6. HP: 38/48 MP: 8/8
  3410 | D:4      | Found a shadowy altar of Dithmenos.
  3689 | D:4      | Reached skill level 4 in Axes
  3779 | D:3      | Killed an ogre
  3779 | D:3      | Reached XP level 7. HP: 42/55 MP: 9/9
  3801 | D:4      | Reached skill level 4 in Invocations
  4130 | D:5      | Entered Level 5 of the Dungeon
  4202 | D:5      | Reached *** piety under Lugonu
  4210 | D:5      | HP: 6/55 [orc priest/divine providence (15)]
  4623 | D:5      | Noticed Eustachio
  4695 | D:5      | Reached skill level 4 in Armour
  4862 | D:5      | Reached skill level 5 in Axes
  4873 | D:5      | Noticed Ijyb
  4928 | D:5      | Killed Ijyb
  5000 | D:5      | Noticed Pikel
  5038 | D:4      | Killed Pikel
  5038 | D:4      | Reached skill level 5 in Fighting
  5038 | D:4      | Reached skill level 6 in Axes
  5038 | D:4      | Reached skill level 5 in Invocations
  5038 | D:4      | Reached XP level 8. HP: 53/63 MP: 10/12
  5163 | D:5      | Killed Eustachio
  5163 | D:5      | Reached skill level 5 in Armour
  5304 | D:5      | Found a runed door.
  5473 | D:5      | Noticed Edmund
  5487 | D:5      | Killed Edmund
  5501 | D:5      | Noticed Sigmund
  5506 | D:5      | Killed Sigmund
  5506 | D:5      | Reached skill level 6 in Fighting
  5506 | D:5      | Reached XP level 9. HP: 54/69 MP: 13/13
  5688 | D:5      | Noticed Crazy Yiuf
  5707 | D:5      | Killed Crazy Yiuf
  5707 | D:5      | Reached skill level 6 in Invocations
  5938 | D:6      | Reached skill level 7 in Axes
  5984 | D:6      | Found a staircase to the Ecumenical Temple.
  6006 | D:6      | Noticed Duvessa
  6010 | D:6      | Noticed Dowan
  6400 | D:6      | Killed Duvessa
  6400 | D:6      | Reached skill level 6 in Armour
  6410 | D:6      | Killed Dowan
  6553 | D:6      | Reached **** piety under Lugonu
  6836 | D:7      | Found a sand-covered staircase.
  6845 | Ossuary  | Entered an ossuary
  6910 | Ossuary  | Reached skill level 8 in Axes
  7137 | D:7      | Noticed a troll
  7140 | D:7      | Reached skill level 7 in Invocations
  7521 | D:7      | Reached skill level 7 in Fighting
  7557 | D:7      | Reached XP level 10. HP: 54/79 MP: 15/15
  7982 | D:6      | Reached skill level 7 in Armour
  8130 | D:7      | Reached skill level 9 in Axes
  8333 | D:7      | Reached skill level 8 in Invocations
  8759 | D:8      | Noticed a two-headed ogre
  8775 | D:8      | Killed a two-headed ogre
  8775 | D:8      | Reached skill level 8 in Fighting
  9049 | D:8      | Noticed a two-headed ogre
  9053 | D:8      | Corrupted D:8
  9053 | D:8      | Noticed a purple draconian shifter
  9053 | D:8      | Noticed a worldbinder
  9053 | D:8      | Noticed a tentacled starspawn
  9053 | D:8      | Noticed a soul eater
  9053 | D:8      | Noticed an orange demon
  9053 | D:8      | Noticed an orange demon
  9053 | D:8      | Noticed a large abomination
  9053 | D:8      | Noticed a bone dragon
  9053 | D:8      | Noticed an unseen horror
  9053 | D:8      | Noticed a cacodemon
  9053 | D:8      | Noticed a death knight
  9053 | D:8      | Noticed an orange demon
  9054 | D:8      | Noticed a glowing orange brain
  9054 | D:8      | Noticed a smoke demon
  9054 | D:8      | Noticed a worldbinder
  9054 | D:8      | Noticed a bone dragon
  9055 | D:8      | Noticed a smoke demon
  9055 | D:8      | Noticed a thrashing horror
  9056 | D:8      | Noticed a black mamba
  9056 | D:8      | Noticed a mana viper
  9056 | D:8      | Killed a two-headed ogre
  9058 | D:8      | Noticed a blizzard demon
  9058 | D:8      | Noticed a smoke demon
  9058 | D:8      | Noticed an efreet
  9060 | D:8      | Noticed a cyan very ugly thing
  9061 | D:8      | Noticed a tentacled starspawn
  9069 | D:8      | Noticed an orc sorcerer
  9087 | D:8      | Noticed a tentacled starspawn
  9088 | D:8      | Noticed a lorocyproca
  9110 | D:8      | Noticed a worldbinder
  9945 | D:9      | Noticed Psyche
  9959 | D:9      | Killed Psyche
 10209 | D:9      | Reached skill level 10 in Axes
 10209 | D:9      | Reached skill level 8 in Armour
 10209 | D:9      | Reached XP level 11. HP: 69/87 MP: 17/17
 10638 | D:9      | Found an ornate altar of the Wu Jian Council.
 10947 | D:10     | Entered Level 10 of the Dungeon
 10987 | D:10     | Found a staircase to the Lair.
 11230 | D:10     | Found a staircase to the Orcish Mines.
 11252 | D:10     | Reached skill level 9 in Fighting
 12452 | D:10     | Reached skill level 11 in Axes
 12473 | D:10     | Noticed drevant's ghost (novice GnSu)
 12491 | D:10     | Killed drevant's ghost
 12491 | D:10     | Reached skill level 9 in Armour
 12715 | D:10     | HP: 12/89 [troll (14)]
 13333 | D:11     | Noticed p0werm0de's ghost (journeyman OpIE)
 13427 | D:11     | Killed p0werm0de's ghost
 13708 | D:11     | Reached ***** piety under Lugonu
 13892 | D:11     | Noticed a white ugly thing
 13895 | D:11     | Noticed a white ugly thing
 13896 | D:11     | Noticed a green ugly thing
 13947 | D:10     | Killed a white ugly thing
 14052 | D:10     | Reached skill level 3 in Shields
 14392 | D:11     | Noticed Erolcha
 14408 | D:11     | Banished Erolcha
 14408 | D:11     | Reached XP level 12. HP: 31/97 MP: 18/18
 14409 | D:11     | Noticed a two-headed ogre
 14698 | D:11     | Killed a two-headed ogre
 14698 | D:11     | Reached skill level 4 in Shields
 14962 | D:11     | Reached skill level 12 in Axes
 14974 | D:11     | Reached skill level 10 in Fighting
 15291 | D:11     | Found a blossoming altar of Fedhas.
 15455 | D:11     | Reached skill level 5 in Shields
 15816 | Orc:1    | Entered Level 1 of the Orcish Mines
 16156 | D:10     | Reached skill level 9 in Invocations
 16732 | D:12     | Noticed an unseen horror
 16738 | D:12     | Noticed a skeletal warrior
 16738 | D:12     | Noticed a skeletal warrior
 16797 | D:11     | HP: 16/97 [skeletal warrior/war axe[a skeletal warrior] (15)]
 17619 | Lair:1   | Entered Level 1 of the Lair of Beasts
 18036 | Lair:1   | Reached skill level 6 in Shields
 18044 | Lair:1   | Reached skill level 10 in Armour
 18425 | Lair:1   | Noticed Nergalle
 18446 | Lair:1   | Killed Nergalle
 18500 | Lair:1   | Found a snail-covered altar of Cheibriados.
 19243 | Lair:1   | Reached skill level 7 in Shields
 19298 | D:10     | Reached XP level 13. HP: 41/104 MP: 20/20
 19590 | Lair:1   | Reached skill level 1 in Dodging
 19654 | Lair:1   | Noticed Joseph
 19669 | Lair:1   | Killed Joseph
 20039 | Lair:1   | Noticed an eight-headed hydra
 20051 | Lair:1   | Banished a nine-headed hydra
 20151 | Lair:1   | Reached skill level 8 in Shields
 20507 | Lair:1   | Reached skill level 13 in Axes
 20507 | Lair:1   | Reached skill level 2 in Dodging
 20687 | Lair:1   | Noticed Sonja
 20707 | Lair:1   | Killed Sonja
 21031 | Lair:1   | Reached skill level 10 in Invocations
 21552 | Orc:2    | Entered Level 2 of the Orcish Mines
 21611 | Orc:2    | Found Ovotew's Antique Weapon Boutique.
 22066 | Orc:1    | Reached skill level 9 in Shields
 22087 | Orc:2    | Reached skill level 11 in Fighting
 22149 | Orc:2    | Reached skill level 3 in Dodging
 22533 | Orc:2    | Found a staircase to the Elven Halls.
 22569 | Orc:2    | Found Kenwesab's Armour Shoppe.
 22576 | Orc:2    | Bought a +0 pair of boots for 67 gold pieces
 22752 | Orc:1    | Noticed an orc warlord
 23154 | Lair:2   | Noticed a five-headed hydra
 23156 | Lair:2   | Banished a five-headed hydra
 23156 | Lair:2   | Reached skill level 11 in Armour
 23217 | Lair:2   | Noticed Erica
 23226 | Lair:2   | Killed Erica
 23488 | Lair:2   | Reached XP level 14. HP: 112/113 MP: 21/21
 23509 | Lair:2   | Found a staircase to the Shoals.
 23538 | Lair:2   | Noticed Gastronok
 23581 | Lair:2   | Killed Gastronok
 23581 | Lair:2   | Reached skill level 4 in Dodging
 24747 | Lair:3   | Reached skill level 14 in Axes
 25545 | Lair:3   | Found a staircase to the Snake Pit.
 25974 | Lair:4   | Noticed Kirke
 26023 | Lair:4   | Killed Kirke
 26138 | Lair:4   | Reached skill level 5 in Dodging
 27038 | Lair:5   | Reached skill level 12 in Fighting
 28014 | Lair:6   | Entered Level 6 of the Lair of Beasts
 28030 | Lair:5   | Reached ****** piety under Lugonu
 28365 | Lair:5   | Reached skill level 12 in Armour
 29030 | Lair:6   | Reached skill level 15 in Axes
 29381 | Lair:6   | Reached XP level 15. HP: 89/122 MP: 22/22
 29831 | Lair:6   | Found a viscous altar of Jiyva.
 29831 | Lair:6   | Found a staircase to the Slime Pits.
 30305 | Lair:6   | Found a large runed door.
 30305 | Lair:6   | Found a large runed door.
 31848 | Orc:2    | Found Quddamif's Antique Armour Shoppe.
 31945 | Orc:1    | Killed an orc warlord
 32188 | Orc:2    | Noticed an orc warlord
 32376 | Orc:2    | Banished an orc warlord
 32750 | Orc:2    | Found Erimu's Book Boutique.
 32807 | Orc:2    | Found Eduilu's General Store.
 32815 | Orc:2    | Bought the +10 plate armour of Elyvilon {MR+ Int+2} for 1257 gold pieces
 32876 | Orc:2    | Reached skill level 13 in Fighting
 32876 | Orc:2    | Reached skill level 11 in Invocations
 32881 | Orc:2    | Noticed an orc warlord
 32906 | Orc:2    | Killed an orc warlord
 33543 | Snake:1  | Entered Level 1 of the Snake Pit
 34128 | D:12     | Found a shimmering altar of Xom.
 34164 | D:12     | Reached skill level 16 in Axes
 34866 | D:13     | Reached skill level 13 in Armour
 34914 | D:13     | Reached XP level 16. HP: 127/131 MP: 24/24
 35137 | D:13     | Noticed Maurice
 35144 | D:13     | Killed Maurice
 35151 | D:13     | Reached skill level 10 in Shields
 35567 | D:13     | Found Nehenacits's Antique Armour Shop.
 35856 | D:13     | Found a gate to the Vaults.
 36002 | D:14     | Found a labyrinth entrance.
 36009 | Lab      | Entered a labyrinth
 36646 | D:14     | Found a stormy altar of Qazlal.
 36749 | D:14     | Reached skill level 11 in Shields
 36834 | D:15     | Entered Level 15 of the Dungeon
 37060 | D:15     | Reached skill level 12 in Invocations
 37434 | D:15     | Found a staircase to the Depths.
 37810 | D:15     | Reached XP level 17. HP: 138/138 MP: 26/26
 38135 | Elf:1    | Entered Level 1 of the Elven Halls
 38170 | Elf:1    | Found Mileso Nuoj's Armour Shop.
 38188 | Elf:1    | Found Mutygin's Assorted Antiques.
 38227 | Elf:1    | Reached skill level 12 in Shields
 38245 | Elf:1    | Found a flickering gateway to a bazaar.
 38250 | Bazaar   | Entered a bazaar
 38254 | Bazaar   | Found Huel's Food Boutique.
 38272 | Bazaar   | Found Daodanet's Antique Weapon Emporium.
 38289 | Bazaar   | Found Bygreal's Book Boutique.
 38306 | Bazaar   | Found Gattis's Antique Armour Shoppe.
 38432 | Elf:1    | Reached skill level 17 in Axes
 38537 | Elf:1    | Reached skill level 14 in Fighting
 39264 | Elf:1    | Bought a glowing battleaxe for 218 gold pieces
 39299 | Elf:1    | theanonym: ??chop
 39299 | Elf:1    | beem: vorpal[1/3]: A weapon brand which increases weapon damage by 16.7% on average.
 39299 | Elf:1    | theanonym: ??flame
 39299 | Elf:1    | beem: flaming[1/1]: Increases damage by (on average) 25% against non-fire-resistant monsters, 37.5% on rF-, still 12.5% on rF+, 0 on rF+++. Slicing/chopping flaming weapons will cauterize hydra necks, preventing the heads from regrowing.
 39703 | Elf:1    | Got a twitching platinum ring
 39705 | Elf:1    | Identified the ring of Qaxzuocw {rPois rN+} (You found it on level 1 of the Elven Halls)
 40205 | Elf:1    | Reached skill level 14 in Armour
 40626 | Elf:2    | Reached skill level 13 in Shields
 40704 | Elf:2    | Noticed a Hell Sentinel
 41040 | Elf:2    | Reached skill level 13 in Invocations
 41278 | Elf:2    | Learned a level 3 spell: Regeneration
 41279 | Elf:2    | Noticed Louise
 41328 | Elf:2    | Killed Louise
 41357 | Elf:2    | Learned a level 2 spell: Swiftness
 41535 | Elf:2    | Found a runed gate.
 41535 | Elf:2    | Found a runed gate.
 41540 | Elf:2    | Reached XP level 18. HP: 143/147 MP: 27/27
 41541 | Elf:2    | Found a runed gate.
 41611 | Elf:2    | Noticed Jorgrun
 41625 | Elf:2    | Killed Jorgrun
 41787 | Elf:2    | Noticed Asterion
 41788 | Elf:2    | Banished Asterion
 42317 | Elf:2    | Reached skill level 14 in Shields
 42411 | Elf:2    | Reached skill level 18 in Axes
 42693 | Elf:3    | Entered Level 3 of the Elven Halls
 42794 | Elf:3    | Noticed Mara
 42824 | Elf:3    | Noticed theanonym's illusion
 42827 | Elf:3    | Killed Mara
 43244 | Elf:3    | Noticed a Brimstone Fiend
 43417 | Elf:3    | Noticed a deep elf blademaster
 43442 | Elf:2    | Killed a deep elf blademaster
 43594 | Elf:2    | Reached skill level 15 in Fighting
 43659 | Elf:3    | Reached XP level 19. HP: 119/155 MP: 29/29
 43959 | Elf:3    | Reached skill level 15 in Shields
 43977 | Elf:3    | Noticed Bai Suzhen
 44209 | Elf:2    | Banished Bai Suzhen
 44209 | Elf:2    | Reached skill level 14 in Invocations
 44228 | Elf:3    | Noticed a deep elf blademaster
 44245 | Elf:3    | Killed a deep elf blademaster
 44256 | Elf:3    | Reached skill level 1 in Spellcasting
 44256 | Elf:3    | Reached skill level 1 in Charms
 44608 | D:10     | Learned a level 6 spell: Deflect Missiles
 44664 | Shoals:1 | Entered Level 1 of the Shoals
 44941 | Shoals:1 | Reached skill level 15 in Armour
 45848 | Shoals:2 | Reached skill level 2 in Spellcasting
 45856 | Shoals:2 | Reached skill level 2 in Charms
 45864 | Shoals:2 | Noticed Polyphemus
 46167 | Shoals:2 | Killed Polyphemus
 46363 | Shoals:2 | Got a polished plate armour
 46374 | Shoals:2 | Identified the +2 plate armour of a ziggurat {rC+ SInv Stlth-} (You found it on level 2 of the Shoals)
 47140 | Snake:1  | Found Nokibe's General Store.
 47401 | Snake:1  | Got a translucent brass ring
 47495 | Snake:2  | Found Eroemeeq's Food Shop.
 47822 | Snake:2  | Reached skill level 3 in Spellcasting
 47830 | Snake:2  | Reached skill level 3 in Charms
 47951 | Snake:2  | Identified the ring "Widommi" {rPois Int+4} (You found it on level 1 of the Snake Pit)
 48033 | Snake:2  | Found Daneacvaenku's Gadget Shop.
 48033 | Snake:2  | Found Pukloj's Book Boutique.
 48034 | Snake:2  | Found Uzucehy's Book Shop.
 48038 | Snake:2  | Bought a manual of Dodging for 1435 gold pieces
 48038 | Snake:2  | Found Bohieb's Gadget Boutique.
 48211 | Snake:2  | Reached skill level 19 in Axes
 48251 | Snake:2  | Found an opulent altar of Gozag.
 48295 | Snake:2  | Reached skill level 6 in Dodging
 49141 | Snake:3  | Found an ornate altar of the Wu Jian Council.
 49164 | Snake:3  | Reached XP level 20. HP: 143/163 MP: 30/30
 49611 | Snake:3  | Noticed Aizul
 49656 | Snake:3  | HP: 30/163 [Aizul/poison arrow (26)]
 49659 | Snake:3  | Corrupted Snake:3
 49666 | Snake:3  | HP: 32/163 [poisoned by a naga ritualist (toxic radiance)]
 49676 | Snake:3  | Killed Aizul
 50195 | Depths:1 | Entered Level 1 of the Depths
 50195 | Depths:1 | Found a gateway to Hell.
 50204 | Depths:1 | Reached skill level 4 in Spellcasting
 50213 | Depths:1 | Reached skill level 4 in Charms
 50774 | Shoals:3 | Reached skill level 7 in Dodging
 51787 | Shoals:4 | Entered Level 4 of the Shoals
 51792 | Shoals:4 | Noticed Ilsuiw
 51794 | Shoals:4 | Reached skill level 15 in Invocations
 51801 | Shoals:4 | Corrupted Shoals:4
 51801 | Shoals:4 | HP: 32/164 [poisoned by a merfolk]
 51801 | Shoals:4 | HP: 12/164 [merfolk impaler/trident of venom (15)]
 51817 | Shoals:4 | Killed Ilsuiw
 51819 | Shoals:4 | HP: 21/164 [wind drake/the air (25)]
 51821 | Shoals:4 | HP: 8/164 [rakshasa/orb of energy[Lugonu's corruption] (12)]
 52024 | Snake:4  | Entered Level 4 of the Snake Pit
 52343 | Snake:4  | Noticed Roxanne
 52505 | Snake:4  | Reached skill level 5 in Spellcasting
 52562 | Snake:4  | Reached skill level 5 in Charms
 52959 | Snake:4  | Reached skill level 8 in Dodging
 52961 | Snake:4  | Reached skill level 16 in Fighting
 53700 | Snake:4  | Reached XP level 21. HP: 86/171 MP: 32/32
 54030 | Snake:4  | Reached skill level 6 in Charms
 54034 | Snake:4  | Reached skill level 6 in Spellcasting
 54038 | Snake:4  | Reached skill level 9 in Dodging
 54196 | Snake:4  | Reached skill level 20 in Axes
 54297 | Snake:3  | Noticed Vashnia
 54308 | Snake:3  | Killed Vashnia
 55386 | Snake:4  | Reached skill level 10 in Dodging
 55386 | Snake:4  | Reached skill level 7 in Spellcasting
 55386 | Snake:4  | Reached skill level 7 in Charms
 55818 | Snake:4  | Got a serpentine rune of Zot
 56145 | Snake:4  | Killed Roxanne
 56290 | D:10     | Learned a level 3 spell: Spectral Weapon
 57786 | Depths:1 | Reached skill level 11 in Dodging
 57791 | Depths:1 | Reached skill level 8 in Spellcasting
 57791 | Depths:1 | Reached skill level 8 in Charms
 58717 | Depths:2 | Reached skill level 17 in Fighting
 58732 | Depths:2 | Reached XP level 22. HP: 167/181 MP: 34/34
 59093 | Depths:2 | Got a slimy broad axe {freeze}
 59098 | Depths:1 | Identified the +12 broad axe of Reason {freeze, rF+ rC+} (You took it off a spriggan rider on level 2 of the Depths)
 59559 | Depths:2 | Reached skill level 12 in Dodging
 59566 | Depths:2 | Reached skill level 9 in Charms
 59656 | Depths:2 | Reached skill level 9 in Spellcasting
 59854 | Depths:2 | Got a translucent copper ring
 60488 | Hell     | Entered the Vestibule of Hell
 60488 | Hell     | Noticed Geryon
 60976 | Depths:3 | Noticed a golden dragon
 61141 | Depths:2 | Identified the ring "Ikogigiy" {Wiz rElec rC+ Str-3} (You took it off a centaur warrior on level 2 of the Depths)
 61192 | Depths:2 | Gained mutation: You are dopey. (Int -2) [a shining eye]
 61519 | Depths:3 | Found Juseb's Antique Armour Shoppe.
 61543 | Depths:3 | Reached skill level 10 in Charms
 61545 | Depths:3 | Reached XP level 23. HP: 168/190 MP: 36/36
 61608 | Depths:3 | Reached skill level 13 in Dodging
 61608 | Depths:3 | Reached skill level 10 in Spellcasting
 61697 | Depths:3 | Got a steaming turquoise ring
 62040 | Depths:3 | Bought a pair of runed gloves for 217 gold pieces
 62093 | Depths:3 | Killed a golden dragon
 62331 | Depths:3 | Reached skill level 18 in Fighting
 62593 | Depths:3 | Found a one-way gate leading to the halls of Pandemonium.
 62719 | Depths:3 | Found a deep blue altar of Sif Muna.
 62880 | Depths:3 | Got a faintly glowing golden ring
 62944 | Depths:3 | Got a faintly glowing crystal amulet
 62959 | Depths:3 | Identified Dispater's Incunabulum of the Escort
 62961 | Depths:3 | Identified the ring "Veinuwk" {rF+ rN+ MR+ Stlth-} (You took it off an orc high priest on level 3 of the Depths)
 62962 | Depths:3 | Identified the amulet of Doubts {RegenMP rF+ rC- Dex+2 Stlth+} (You took it off a vampire mage on level 3 of the Depths)
 62963 | Depths:3 | Identified the ring "Tiurch" {Wiz rPois} (You took it off a vampire knight on level 3 of the Depths)
 63419 | Shoals:4 | Identified the Grimoire of the Ensnaring Blaze
 63547 | Shoals:4 | Reached skill level 16 in Armour
 63758 | Shoals:4 | Got an ancient ivory ring
 63780 | Shoals:4 | Identified the ring "Qoketeq" {*Tele rPois rC+ MR- Int+3} (You took it off a merfolk siren on level 4 of the Shoals)
 63825 | Shoals:4 | Reached skill level 11 in Charms
 63919 | Shoals:4 | Reached skill level 11 in Spellcasting
 64415 | Shoals:4 | Identified the Reference Book on Unstable Venom
 64735 | Shoals:4 | Got a glittering platinum ring
 64812 | Shoals:4 | Got a barnacled rune of Zot
 65078 | Vaults:1 | Entered Level 1 of the Vaults
 65458 | Vaults:1 | Reached XP level 24. HP: 182/199 MP: 38/38
 65981 | Vaults:1 | theanonym: ??crystal bolt
 65981 | Vaults:1 | beem: crystal guardian[1/1]: Replaces crystal golems in 0.14. Has less HP, but is now speed 10. Able to cast bolt of crystal, which does 3d25 which is randomly resistable by either rF or rC, determined per-bolt, and can bounce off of any wall type.
 66005 | Vaults:1 | Reached skill level 12 in Charms
 66061 | Vaults:1 | Noticed a golden dragon
 66073 | Vaults:1 | Killed a golden dragon
 66073 | Vaults:1 | Reached skill level 12 in Spellcasting
 66176 | Vaults:1 | Identified the Papyrus of Fiery Unholy Rituals
 66457 | Vaults:1 | Identified the ring of Wymp {Str+4 Stlth-} (You took it off a merfolk on level 4 of the Shoals)
 66588 | Vaults:1 | Reached skill level 19 in Fighting
 66719 | Vaults:1 | Reached skill level 17 in Armour
 66978 | Vaults:1 | theanonym: ??axes
 66978 | Vaults:1 | beem: axes[1/1]: (acc,dam,delay,mindelay) [hands]: hand axe (+3/7/1.3/0.6), war axe (+0/11/1.5/0.7), broad axe (-2/13/1.6/0.7), battleaxe (-4/15/1.7/0.7) [2], executioner's axe (-6/18/2.0/0.7) [2]. All axes {cleave} and chop hydra heads.
 67023 | Vaults:1 | Found Zairezoj's Armour Boutique.
 67415 | Vaults:2 | Reached skill level 1 in Air Magic
 67590 | Vaults:2 | Reached skill level 2 in Air Magic
 68034 | Vaults:2 | Found a staircase to the Crypt.
 68396 | Vaults:2 | Found a portal to a secret trove of treasure.
 68820 | Vaults:3 | Reached XP level 25. HP: 208/208 MP: 39/39
 68993 | Vaults:3 | Reached skill level 3 in Air Magic
 69287 | Vaults:3 | Reached skill level 13 in Charms
 69298 | Vaults:3 | Reached skill level 13 in Spellcasting
 69416 | Vaults:3 | Reached skill level 4 in Air Magic
 70195 | Vaults:4 | Reached skill level 18 in Armour
 70195 | Vaults:4 | Reached skill level 5 in Air Magic
 70580 | Vaults:4 | Reached XP level 26. HP: 127/217 MP: 40/40
 70918 | D:10     | Learned a level 5 spell: Silence
 71092 | Hell     | Reached skill level 20 in Fighting
 71223 | Depths:1 | Reached skill level 1 in Hexes
 71303 | Hell     | Corrupted Hell
 71317 | Hell     | Killed Geryon
 71580 | Vaults:2 | You paid a toll of the horn of Geryon to enter a treasure trove
 71581 | Trove    | Entered a treasure trove
 71587 | Trove    | Found the +9 staff of Olgreb {rPois}
 71591 | Trove    | Got a smoking silver amulet
 71593 | Trove    | Got a wavering garnet amulet
 71599 | Trove    | Got a translucent pewter ring
 71605 | Trove    | Got a heavily runed large shield
 71620 | Vaults:2 | Identified the +3 large shield of Cumen {-Tele Str+3} (You found it in a treasure trove)
 71622 | Vaults:2 | Identified the amulet "Giar" {Spirit Str+4 Dex+5} (You found it in a treasure trove)
 71624 | Vaults:2 | Identified the amulet "Dabacap" {Harm *Corrode *Drain Int+2 Dex+6 SInv} (You found it in a treasure trove)
 71625 | Vaults:2 | Identified the ring "Qussiria" {EV+1 Dex+7} (You found it in a treasure trove)
 71727 | Vaults:4 | Reached skill level 2 in Hexes
 71869 | Vaults:4 | Reached skill level 3 in Hexes
 72574 | Orc:2    | Bought a book of Burglary for 900 gold pieces
 72581 | Orc:2    | Learned a level 6 spell: Darkness
 72791 | Crypt:1  | Entered Level 1 of the Crypt
 72832 | Crypt:1  | Found a magical portal.
 72838 | WizLab   | Entered Doroklohe's Tomb
 72939 | WizLab   | Reached skill level 14 in Charms
 72973 | WizLab   | Reached skill level 14 in Spellcasting
 72996 | WizLab   | Reached skill level 4 in Hexes
 73313 | Crypt:1  | theanonym: ??holy
 73313 | Crypt:1  | beem: holy wrath[1/1]: Increases damage by 75% on average against undead and demons. These folks also cannot wield it. Does not hate evil creatures which are not undead or demons. This means that holy wrath is ineffective against hell knights, and some worshippers of evil gods can wield it.
 73597 | Crypt:1  | Reached skill level 5 in Hexes
 74041 | Crypt:2  | Found the +18 shield of the Gong {rElec rN+ MR+ EV-5}
 74369 | Crypt:2  | Noticed Frederick
 74487 | Crypt:2  | Noticed Boris
 74592 | Crypt:2  | Killed Boris
 74592 | Crypt:2  | Reached skill level 1 in Evocations
 74621 | Crypt:2  | Killed Frederick
 74985 | Crypt:3  | Entered Level 3 of the Crypt
 75000 | Crypt:3  | Reached skill level 6 in Hexes
 75064 | Crypt:3  | Reached XP level 27. HP: 218/226 MP: 38/41
 75201 | Crypt:3  | Noticed Saint Roka
 75474 | Crypt:3  | Killed Saint Roka
 75474 | Crypt:3  | Reached skill level 19 in Armour
 75624 | Crypt:3  | Reached skill level 7 in Hexes
 76005 | Crypt:3  | Identified Ashraf's Almanac of Lucky Air
 76018 | Crypt:3  | Identified Vujaif's Reference Book on Evil
 76029 | Crypt:3  | Learned a level 6 spell: Invisibility
 76037 | Crypt:3  | Got a translucent chain mail
 76048 | Crypt:3  | Identified the +1 chain mail of Autotheism {rC++} (You found it on level 3 of the Crypt)
 76060 | Crypt:3  | Got a warped steel ring
 76062 | Crypt:3  | Got a clouded steel ring
 76062 | Crypt:3  | Got a wavering brass ring
 76066 | Crypt:3  | Identified the ring "Vaaz Osi" {rPois Str+4 Dex+4} (You found it on level 3 of the Crypt)
 76067 | Crypt:3  | Identified the ring of Daofafew {*Corrode rN+ Int+2 Dex+2} (You found it on level 3 of the Crypt)
 76068 | Crypt:3  | Identified the ring of Mirth {rF++ rC+ rN+} (You found it on level 3 of the Crypt)
 76250 | Crypt:3  | Got a crude hand axe
 76251 | Crypt:3  | Identified the +8 hand axe of the Volcano {freeze, Str+5 Int+2 Dex-2} (You found it on level 3 of the Crypt)
 76269 | Crypt:3  | Reached skill level 15 in Charms
 76465 | Crypt:3  | Reached skill level 15 in Spellcasting
 76465 | Crypt:3  | Reached skill level 8 in Hexes
 76494 | Crypt:3  | Found a staircase to the Tomb.
 77154 | Depths:4 | Noticed Mennas
 77198 | Depths:3 | Killed Mennas
 77198 | Depths:3 | Reached skill level 21 in Fighting
 77288 | Depths:4 | Got a shimmering bronze ring
 77289 | Depths:4 | Identified the ring "Fiuxuad" {+Inv rF+ rN+} (You found it on level 4 of the Depths)
 77485 | Depths:4 | Reached skill level 9 in Hexes
 77517 | Depths:4 | Reached skill level 6 in Air Magic
 77809 | Depths:4 | Found a one-way gate to the infinite horrors of the Abyss.
 77816 | Depths:4 | Reached skill level 10 in Hexes
 78100 | Depths:4 | Reached skill level 7 in Air Magic
 78763 | Depths:4 | Found the +8 lance "Wyrmbane" {slay drac, rPois rF+ rC+ AC+3}
 78800 | Depths:4 | Found a gateway to a ziggurat.
 79307 | Depths:5 | Entered Level 5 of the Depths
 79319 | Depths:5 | Wingboner: Отличный топор. У кого отобрал?
 79325 | Depths:5 | theanonym: У какого-то нонейма
 79325 | Depths:5 | Wingboner: Двуручку у малыша попячил!
 79325 | Depths:5 | theanonym: Он же одноручный
 79325 | Depths:5 | Wingboner: Спригганам двуручный.
 79325 | Depths:5 | Wingboner: Они ж мелкие.
 79325 | Depths:5 | theanonym: Я так понимаю экзек найти невозможно без трога?
 79325 | Depths:5 | Wingboner: Возможно. Но маловероятно.
 79325 | Depths:5 | theanonym: Можно вот этот холи до +9 зачарить
 79325 | Depths:5 | Wingboner: Если на эльф2 не упало, то реальный шанс со свитка.
 79325 | Depths:5 | Wingboner: Ты на эльф2 смотрел?
 79325 | Depths:5 | theanonym: Да, там зато меч упал тройной
 79325 | Depths:5 | theanonym: Надо было мечи брать
 79325 | Depths:5 | Wingboner: Ну, кагбе, у тебя и так топор отличный.
 79325 | Depths:5 | Wingboner: Плюс гонг.
 79325 | Depths:5 | Wingboner: Для фана.
 79325 | Depths:5 | Wingboner: Пусть сбегаются, сволочи.
 79325 | Depths:5 | Wingboner: Ещё уйти к козлу.
 79325 | Depths:5 | theanonym: Он мне 8 EV делает из 15
 79338 | Depths:5 | Reached skill level 20 in Armour
 79387 | Depths:4 | Wingboner: Ну, кагбе, у тебя щит сейчас довольно опасный, но хоть бог спасёт, если что.
 79387 | Depths:4 | theanonym: 9
 79387 | Depths:4 | Wingboner: Зато SH сквозь крышу.
 79387 | Depths:4 | theanonym: Додж 13 и 9 EV
 79387 | Depths:4 | Wingboner: Дык чего ж ты хотел с такой низкой ловкостью.
 79397 | Depths:4 | theanonym: В общем-то он всего 6 SH даёт
 79397 | Depths:4 | theanonym: Зато гремит на весь этаж
 79397 | Depths:4 | Wingboner: Да, а на твоём текущем щите -теле.
 79397 | Depths:4 | Wingboner: Так-то оба опасны, но второй фановее =)
 79397 | Depths:4 | theanonym: У муравья же и так это
 79397 | Depths:4 | Wingboner: Упс.
 79397 | Depths:4 | Wingboner: Не заметил.
 79397 | Depths:4 | Wingboner: Тогда да, двуручка нужна.
 79397 | Depths:4 | Wingboner: Кинь дамп.
 79397 | Depths:4 | theanonym: Сложно, с резистами тоже не могу разобраться чтобы и Wiz был и без золотой брони
 79397 | Depths:4 | theanonym: 8 колец и потенциально все полезные
 79397 | Depths:4 | Wingboner: Стоять бояться!
 79397 | Depths:4 | Wingboner: У тебя ж вирмбейн!
 79397 | Depths:4 | Wingboner: Пофиг что одноручка, это ж ВИРМБЕЙН!
 79397 | Depths:4 | theanonym: Копьё?
 79397 | Depths:4 | Wingboner: Да, рыцарское копьё. Ты в курсе про него?
 79397 | Depths:4 | theanonym: Не бегал с ним
 79397 | Depths:4 | Wingboner: Ну ты знаешь, что оно делает?
 79397 | Depths:4 | theanonym: По драконам урон повышенный
 79397 | Depths:4 | Wingboner: То фигня.
 79397 | Depths:4 | Wingboner: Главное что у него есть уникальная абилка.
 79397 | Depths:4 | theanonym: Полерамы можно качнуть
 79397 | Depths:4 | Wingboner: Если ты им добиваешь дракона, то получаешь +1 к копью.
 79463 | Depths:4 | Wingboner: Навсегда.
 79463 | Depths:4 | Wingboner: До +18 так докачать можно.
 79463 | Depths:4 | theanonym: Мда ну хоть только что выпало
 79463 | Depths:4 | theanonym: Драконов не так много осталось
 79463 | Depths:4 | theanonym: Забавно, у меня скилл уже выше чем нужно для него
 79463 | Depths:4 | Wingboner: Тут в игре куча есть интересных уникальных вещей, вот это одна из самых фановых, если рано выпадет. Начинаешь бегать и охотиться за драконами, такой-то квест.
 79468 | Depths:4 | Wingboner: Лезешь раньше времени в опасные места, лишь бы лишний плюсик выбить.
 79469 | Depths:4 | Wingboner: Дракониды тоже считаются, но плюс даётся только если HD дракона выше текущего плюса.
 79469 | Depths:4 | Wingboner: То есть в болоте не получится замаксить.
 79470 | Depths:4 | Wingboner: В итоге урон получается выше среднего, но не супертоп. Но сама эта охота доставляет, и очень.
 79470 | Depths:4 | theanonym: Ну попробую прокачать
 79470 | Depths:4 | theanonym: Мне изначально топор в муравье не понравился
 79470 | Depths:4 | theanonym: Лезешь в стену и бьёшь топором одного
 79470 | Depths:4 | Wingboner: А мне нормально, но на прошлом муравье выпал дорк мул — ух я и оторвался.
 79470 | Depths:4 | Wingboner: Перекачался в дубины и пошёл дубинить.
 79470 | Depths:4 | Wingboner: ??dark maul
 79470 | Depths:4 | beem: dark maul[1/2]: +10 great mace of crushing with altered stats: 52 dam / -2 acc / 3.0 base delay / 1.65 min delay (with 27 m&f)
 79470 | Depths:4 | Wingboner: Самое медленное оружие в игре с самым большим хераком.
 79470 | Depths:4 | theanonym: А девастатор находил?
 79470 | Depths:4 | theanonym: В зиггурат спринте с ним табать можно
 79470 | Depths:4 | theanonym: Там на старте лежит
 79470 | Depths:4 | Wingboner: Да, не раз. Но давно, в последнее время совсем не попадался. Годная штука, но где-то к депсам теряет полезность.
 79470 | Depths:4 | Wingboner: Но до этого злая имба.
 79480 | Depths:4 | Wingboner: Мне так-то всё попадалось за все мои игры. Жалко батон, хорошая штука была. Не знаю, зачем выпилили.
 79480 | Depths:4 | Wingboner: Копьё с усилением проклятий.
 79480 | Depths:4 | theanonym: Каких проклятий?
 79480 | Depths:4 | Wingboner: Любых проклятий.
 79480 | Depths:4 | Wingboner: Которые ты кастуешь. Школа hex.
 79480 | Depths:4 | theanonym: Вот так нормально по резистам, только придётся греметь
 79531 | Depths:5 | Reached skill level 11 in Hexes
 79532 | Depths:5 | theanonym: Чёт урона мало
 79532 | Depths:5 | Wingboner: Ну кагбе пока что он не вкачан же.
 79554 | Depths:5 | theanonym: Придётся переключать
 79616 | Depths:5 | Wingboner: Ещё в нём вроде +rage есть, если я не путаю.
 79616 | Depths:5 | theanonym: Как там hd узнать?
 79616 | Depths:5 | Wingboner: ??wyrmbane
 79616 | Depths:5 | beem: wyrmbane[1/3]: (polearms; +4 acc / 8 dam / 1.1 base delay / 0.5 min delay) A scale-covered lance +8 Wyrmbane {slay drac, rPois rF+ rC+ AC+3}. Gains +1 enchantment every time it lands the finishing blow against a {slay drac} affected monster (up to the lower of +18 or the dragon's HD).
 79616 | Depths:5 | Wingboner: Хм.
 79616 | Depths:5 | theanonym: @? draconian
 79616 | Depths:5 | beem: draconian (d)
                  | Spd:
    10 | HD: 8    | HP: 53-74
                  | AC/EV: 10/11
                  | Dam: 15
                  | weapons, items, doors, cold-blooded
                  | Res: magic(10)
                  | XP:
   524 | Sz: Medium | Int: human.
 79616 | Depths:5 | Wingboner: Тут не написано... МОжет, убрали.
 79616 | Depths:5 | Wingboner: ??green draconian
 79616 | Depths:5 | beem: green draconian[1/1]: Breathes mephitic clouds at XL 7 and mutates {poison stinger} at XL 14. +2 Poison Magic apt. The monster version cheats and gets poison cloud breath instead of meph.
 79616 | Depths:5 | Wingboner: @?green draconian
 79616 | Depths:5 | beem: green draconian (d)
                  | Spd:
    10 | HD: 14   | HP: 74-111
                  | AC/EV: 9/10
                  | Dam: 20, 15(poison:28-56)
                  | weapons, items, doors, cold-blooded
                  | Res: magic(40), poison
                  | Chunks: noxious
                  | XP: 1322
                  | Sp: poisonous cloud (3d9) [!AM, !sil, breath]
                  | Sz: Medium
                  | Int: human.
 79616 | Depths:5 | Wingboner: 14
 79706 | Depths:5 | Wingboner: Эм. Ты в курсе, что при ударе издалека древковым твоя атака (шанс попадания) пополам режется?
 79710 | Depths:5 | theanonym: Нет
 79710 | Depths:5 | Wingboner: Ну вот теперь в курсе.
 79717 | Depths:5 | Wingboner: Это реально мало кто знает =)
 79731 | Depths:5 | Reached skill level 8 in Air Magic
 79732 | Depths:5 | theanonym: Не прибавилось
 79732 | Depths:5 | Wingboner: Прибавилось... Но к спектральному.
 79732 | Depths:5 | Wingboner: Оно ж добило.
 79732 | Depths:5 | theanonym: Уже понял
 79750 | Depths:5 | Found a gate to the Realm of Zot.
 80062 | Depths:5 | theanonym: Отстаёт по урону заметно
 80062 | Depths:5 | theanonym: Хотя разница в базовом уроне всего 8 против 13
 80281 | Depths:5 | Reached skill level 12 in Hexes
 81009 | Vaults:5 | Entered Level 5 of the Vaults
 81012 | Vaults:5 | Reached skill level 22 in Fighting
 81018 | Vaults:5 | Reached skill level 9 in Air Magic
 81176 | Vaults:4 | Reached skill level 13 in Hexes
 81232 | Vaults:4 | HP: 46/231 [quicksilver dragon/bolt of dispelling energy (13)]
 81925 | Vaults:5 | Reached skill level 10 in Air Magic
 81960 | Vaults:5 | Reached skill level 14 in Hexes
 82150 | Vaults:5 | Found Keow's Jewellery Emporium.
 82204 | Vaults:5 | Got a brightly glowing ring mail
 82339 | Vaults:5 | theanonym: Есть +18
 82435 | Vaults:5 | Found Nocless's Gadget Shoppe.
 82452 | Vaults:5 | Got a silver rune of Zot
 82849 | Vaults:5 | Reached skill level 23 in Fighting
 82851 | Vaults:5 | Reached skill level 15 in Hexes
 82872 | Vaults:5 | Identified the Incunabulum of Earthen Darkness
 83237 | Vaults:5 | theanonym: Не знаю стоит ли инвоки качать
 83569 | Zot:1    | Entered Level 1 of the Realm of Zot
 83585 | Depths:5 | Wingboner: Две топовых абилки Люси годнота, и требуют инвоков некоторое количество.
 83585 | Depths:5 | Wingboner: Корапт и уход в бездну.
 83585 | Depths:5 | theanonym: Ну 15 есть
 83585 | Depths:5 | Wingboner: 15 это нормально.
 83585 | Depths:5 | Wingboner: Больше только если баниш сильнее хочешь и корапт больше радиусом.
 83585 | Depths:5 | theanonym: Может стоит ради a и b качать
 83585 | Depths:5 | theanonym: b и c т.е
 83585 | Depths:5 | Wingboner: b не зависит, насколько я помню.
 83585 | Depths:5 | Wingboner: Ого, уже почти шесть утра.
 83585 | Depths:5 | Wingboner: Мне спать пора.
 83585 | Depths:5 | Wingboner: До вечера!
 83585 | Depths:5 | theanonym: Ага
 83597 | Depths:5 | theanonym: Сила -3 критично же?
 83882 | Zot:1    | Reached skill level 1 in Polearms
 83968 | Zot:1    | Reached skill level 2 in Polearms
 83991 | Zot:1    | Reached skill level 3 in Polearms
 84040 | Zot:1    | Got a smoking leather armour
 84732 | Zot:1    | Reached skill level 4 in Polearms
 85042 | Zot:1    | Reached skill level 11 in Air Magic
 85418 | Zot:2    | Reached skill level 16 in Spellcasting
 86008 | Zot:2    | theanonym: ??contam\
 86008 | Zot:2    | beem: contam\ ~ contam[1/4]: Powerful enchantments have cumulative side effects on the body, represented by a magic contamination stat. When you get enough contam, you start glowing, and you can get mutations. But it decays - unless you are hasted or invisible. The mutations are 1/5 random, otherwise bad with a 50% chance of overriding mutation resistance.
 86008 | Zot:2    | theanonym: ??contam[2
 86008 | Zot:2    | beem: contam[2/4]: The following effects cause magical contamination: haste, invisibility, extending haste, controlled blinking, mutagenic artifacts, Disjunction, Irradiate, some spell miscast effects (Charms, Hexes, Translocations and Transmutations), cancelling effects using stasis, (some) distortion unwields.
 86008 | Zot:2    | theanonym: ??contam[3
 86008 | Zot:2    | beem: contam[3/4]: The contam timer triggers every 200-600 auts. If you have 5000+ (yellow) contam, there is a contam/12000 chance of getting a mutation (80% bad 20% random). If this happens with 10000+ (half way to light red) contam, there is also a 50% chance of releasing a magical explosion (random element, 3d(contam/2000) damage, radius rand_round(contam/15000) (min 1 max 9))
 86008 | Zot:2    | theanonym: ??contam[4
 86008 | Zot:2    | beem: *contam[1/1]: An artefact property which contaminates you when you unequip the item in question.
 86196 | Zot:3    | Reached skill level 24 in Fighting
 86743 | Zot:3    | Reached skill level 5 in Polearms
 87377 | Zot:4    | Reached skill level 12 in Air Magic
 87394 | Zot:4    | Reached skill level 6 in Polearms
 87616 | Zot:4    | Got a faintly glowing robe
 87901 | Zot:4    | Reached skill level 7 in Polearms
 87916 | Zot:4    | Noticed an ancient lich
 87922 | Zot:4    | Reached skill level 17 in Spellcasting
 87948 | Zot:4    | Corrupted Zot:4
 87952 | Zot:4    | Killed an ancient lich
 87965 | Zot:4    | HP: 47/240 [quicksilver dragon (14)]
 87965 | Zot:4    | HP: 13/240 [white draconian stormcaller/divine providence (11)]
 87967 | Zot:4    | HP: 2/240 [white draconian stormcaller/divine providence (12)]
 87968 | Abyss:1  | Succumbed to a Killer Klown's poison

Vault maps used:
D:1:      dpeg_cavernosity, minmay_tree_intersection
D:2:      grunt_temple_overflow_open
D:3:      first_bread, nicolae_ru_path_of_blood
D:4:      nemelex_xobeh_ov_fountains_minmay, grunt_dithmenos_smoke_and_mirrors
D:5:      sigmund_edmund_badplayer, uniq_pikel, uniq_eustachio, uniq_ijyb,
          uniq_crazy_yiuf_cottage
D:6:      minmay_temple_entry_crystal_x, uniq_duvessa, uniq_sigmund
D:7:      cheibrodos_fzero, nicolae_ossuary_entry_monument, grunt_livestock,
          lightli_minifort
D:9:      lemuel_round_altar, uniq_psyche
D:10:     lair_entry_dummy, kennysheep_orc_monster_closet_entryway, hex_large
D:11:     lemuel_altar_in_water2, uniq_erolcha
D:12:     basic_altar, minmay_radiant
D:13:     hangedman_vaults_entry_quadrant_bands, serial_shops,
          nicolae_shop_statue_plus, uniq_maurice
D:14:     lab_entry_generic, hex_tiny, grunt_qazlal_sundering
D:15:     hangedman_depths_entry_civil_slaughter, grunt_decor_fettered
Lair:1:   wad_woods_stonehenge, beast_lair_carwin_10, infiniplex_staircase_pool,
          uniq_sonja, uniq_nergalle, uniq_joseph
Lair:2:   minmay_lair_oklob_tunnel, minmay_shoals_entry_centaurs,
          uniq_gastronok, uniq_erica
Lair:3:   minmay_snake_entry_guardpost_large, nicolae_quartered_pool_super,
          lemuel_fruit_fields
Lair:4:   wad_woods_road_04, uniq_kirke
Lair:5:   serial_bayou_shore_b, grunt_megastairs_3
Lair:6:   cheibrodos_lair_end_hotspot, dpeg_slime_entry_enclosed_altar,
          st_stairs_5, eino_house_with_fridge
Shoals:2: uniq_polyphemus
Shoals:4: shoals_end_grunt_ice, shoals_ilsuiw_alternative,
          nicolae_shoals_undead_eyrie
Snake:1:  serial_shops, nicolae_shop_waterfront, spider_trap,
          statue_in_the_mist_lemuel
Snake:2:  serial_shops, nicolae_shop_temple_entry_statues_fountains,
          basic_altar, minmay_shoptagon
Snake:3:  basic_altar, st_stairs_4, uniq_vashnia, uniq_aizul
Snake:4:  snake_hunt, grunt_ministairs_13, st_stairs_9, uniq_roxanne
Orc:2:    grunt_orc_gardens, grunt_orc_garden, grunt_orc_garden,
          grunt_orc_garden, grunt_orc_garden, serial_shops, shop, elf_legates
Elf:1:    serial_shops, bzr_in_the_mist, nicolae_shop_waterfront,
          nicolae_shop_crystal, hangedman_elven_crosses_minicolossus,
          spider_trap, guppyfry_library_mini
Elf:2:    uniq_jorgrun, uniq_louise, uniq_asterion
Elf:3:    minmay_elf_hall_quartered_circle, kilobyte_rumbling_trees,
          uniq_nikola, uniq_mara, uniq_bai_suzhen
Vaults:1: nicolae_vaults_little_squares_2, nicolae_vaults_little_squares_6,
          st_greater_box_2, vaults_standard_mumra_lines,
          nicolae_vaults_network_periphery, nicolae_vaults_little_squares_1,
          nicolae_vaults_arrows, v_misc_2, vaults_mumra_hexcomb, serial_ice_h,
          v_alt_pattern_1, serial_shops, shop_statue
Vaults:2: blue_anna_dwarven_crypt, v_misc_30, nicolae_vaults_theta,
          nicolae_vaults_alarming, v_misc_29, nicolae_vaults_an_arrangement,
          ontoclasm_vaults_loading_screen, nicolae_vaults_little_squares_4,
          trove_entry_hex_spiral
Vaults:3: hangedman_vaults_hat, v_misc_17, hangedman_vaults_variations,
          nicolae_vaults_little_ls, st_check, ontoclasm_vaults_idyll, v_misc_1,
          v_misc_3, nicolae_vaults_three_branches,
          nicolae_vaults_yaktaur_gun_rack, vaults_room_door_ring,
          ontoclasm_vaults_twist
Vaults:4: hangedman_vaults_snaps, nicolae_vaults_murderbox, grunt_vaults_twisty,
          v_misc_9, vaults_mumra_minichess, hangedman_vaults_impose
Vaults:5: serial_shops
Crypt:1:  mu_enter_wizlab_4
Crypt:2:  uniq_boris, uniq_frederick
Crypt:3:  due_elkab, tomb_entry_forgotten_bobbens, uniq_saint_roka
Depths:1: serial_sigils, serial_sigils_hangedman_quiver,
          serial_sigils_hangedman_snap, serial_sigils_hangedman_quiver,
          serial_sigils_hangedman_stare, serial_sigils_hangedman_confine,
          hell_entry, hangedman_abyss_or_decor_stagger, lemuel_nasty_fountain
Depths:2: grunt_crosshair, hell_entry, st_stairs_8
Depths:3: minmay_the_grid_four_pointed_star_mashed, hell_entry,
          rand_demon_pan_entry_7, kennysheep_crisscross, serial_shops,
          shop_statue, hangedman_summoners_spam
Depths:4: minmay_spiral_squares, enter_ziggurat_e, hell_entry, abyss_entry,
          pan_entry, uniq_mennas
Depths:5: grunt_zot_entry_bicorn, grunt_decor_clamped, hell_entry,
          nrook_mini_backslash, nrook_uturn
Zot:3:    hangedman_zot_decor_scrapings
Zot:4:    grunt_deathspiral_small, lemuel_golem_globe
Lab:      labyrinth_watery, nicolae_lab_do_over, lab_block,
          nicolae_lab_big_swirl, nicolae_lab_garden, nicolae_lab_x,
          nicolae_lab_plus
Bazaar:   bazaar_jpeg_circle_common
Trove:    trove_simple
Ossuary:  ossuary_crypta
WizLab:   wizlab_doroklohe

Skill      XL: |  1  2  3  4  5  6  7  8  9 10 11 12 13 14 15 16 17 18 19 20 21 22 23 24 25 26 27 |
---------------+----------------------------------------------------------------------------------+-----
Shields        | 1 2 3 7 9 11 13 14 15 | 15.0
Axes           | 3 4 6 8 10 11 12 13 15 16 17 18 19 20 | 20.0
Invocations    | 3 5 7 8 9 10 11 12 13 14 15 | 15.3
Armour         | 3 4 5 6 8 9 10 11 12 13 14 15 16 17 18 20 | 20.0
Fighting       | 4 5 6 7 8 9 10 11 12 13 14 15 16 17 18 19 20 24 | 24.5
Dodging        | 3 5 6 8 11 12 13 | 13.3
Spellcasting   | 3 5 8 9 11 12 13 14 17 | 17.0
Charms         | 3 5 8 10 11 12 13 14 15 | 15.9
Air Magic      | 2 5 12 | 12.4
Hexes          | 6 15 | 15.0
Evocations     | 1 |  1.9
Polearms       | 7 |  7.4

Action                   |  1- 3 |  4- 6 |  7- 9 | 10-12 | 13-15 | 16-18 | 19-21 | 22-24 | 25-27 || total
-------------------------+-------+-------+-------+-------+-------+-------+-------+-------+-------++-------
Melee: Hand axe          |   109 |   185 |   219 |   114 |       |       |       |       |       ||   627
       War axe           |       |       |   282 |   667 |       |       |       |       |       ||   949
       Broad axe         |       |       |       |   267 |  1269 |       |       |  1311 |  1279 ||  4126
       Battleaxe         |       |       |       |       |   267 |  1087 |  1561 |    95 |   569 ||  3579
       Lance             |       |       |       |       |       |       |       |       |   960 ||   960
Throw: Javelin           |       |     2 |     9 |    25 |     6 |       |       |       |       ||    42
       Tomahawk          |       |       |       |       |    29 |    10 |    24 |    15 |     2 ||    80
       Throwing net      |       |       |       |       |     1 |       |     1 |     2 |       ||     4
 Cast: Regeneration      |       |       |       |       |       |       |       |     6 |    74 ||    80
       Spectral Weapon   |       |       |       |       |       |       |       |       |   116 ||   116
       Swiftness         |       |       |       |       |       |       |       |       |    14 ||    14
       Darkness          |       |       |       |       |       |       |       |       |    15 ||    15
       Invisibility      |       |       |       |       |       |       |       |       |    10 ||    10
       Deflect Missiles  |       |       |       |       |       |       |       |       |     1 ||     1
       Silence           |       |       |       |       |       |       |       |       |     1 ||     1
Invok: Bend Space        |       |     5 |     6 |    20 |     3 |     3 |     9 |       |    23 ||    69
       Banish            |       |       |       |     2 |    15 |     2 |    18 |    16 |    13 ||    66
       Corrupt           |       |       |       |     1 |       |       |     2 |       |     2 ||     5
       Enter the Abyss   |       |       |       |       |       |       |       |       |     1 ||     1
 Abil: Dig               |       |       |     2 |     3 |     7 |     9 |     8 |     8 |    18 ||    55
       Stop Flying       |       |       |       |       |       |       |       |       |     1 ||     1
Evoke: Wand              |       |       |     3 |     7 |    14 |     6 |     4 |       |     5 ||    39
       Box of beasts     |       |       |       |     1 |     1 |       |       |     1 |       ||     3
       Sack of spiders   |       |       |       |     1 |       |       |       |     1 |       ||     2
       Lamp of fire      |       |       |       |       |     1 |     1 |       |       |       ||     2
  Use: Potion            |       |     3 |     1 |     3 |     3 |     1 |    16 |     1 |     8 ||    36
       Scroll            |       |     2 |     3 |    16 |     7 |     8 |     4 |    10 |    20 ||    70
 Stab: Invisible         |       |       |       |       |     5 |       |       |       |    39 ||    44
       Distracted        |       |       |       |       |     1 |     2 |     2 |     1 |    19 ||    25
       Confused          |       |       |       |       |       |       |       |       |     1 ||     1
  Eat: Chunk             |     2 |     7 |     7 |    21 |    17 |     6 |    12 |    19 |    20 ||   111
       Bread ration      |       |       |     1 |     2 |     5 |     2 |     4 |     3 |    12 ||    29
       Fruit             |       |       |     2 |     3 |       |       |       |       |       ||     5
       Meat ration       |       |       |       |     4 |     3 |     4 |     5 |     2 |     1 ||    19
Armor: Leather armour    |    17 |       |       |       |       |       |       |       |       ||    17
       Ring mail         |    33 |    70 |   152 |   241 |       |       |       |       |       ||   496
       Plate armour      |       |       |       |   113 |   475 |   272 |   353 |   248 |   963 ||  2424
Dodge: Dodged            |    70 |    98 |   173 |   295 |   295 |   169 |   302 |   237 |   535 ||  2174
       Deflected         |       |       |       |       |       |       |       |       |     5 ||     5
Block: Buckler           |    16 |    57 |   200 |   274 |       |       |       |       |       ||   547
       Reflection        |       |     1 |     6 |     7 |    66 |   157 |   230 |   128 |       ||   595
       Shield            |       |       |       |   372 |  1037 |       |       |       |  2362 ||  3771
       Large shield      |       |       |       |       |   165 |  1104 |  1554 |  1238 |   660 ||  4721

Table legend:
 A = Spawn XP
 B = Non-spawn XP
 C = Spawn XP percentage of total XP
 D = Spawn monster count
 E = Non-spawn monster count
 F = Spawn count percentage of total count
 G = Total turns spent on level
                    A         B        C        D         E        F      G
               +---------+---------+-------+---------+---------+-------+---------
         Total |       0 | 1694849 |   0.0 |       0 |    2517 |   0.0 | 87968
               +---------+---------+-------+---------+---------+-------+---------
           D:1 |       0 |      31 |   0.0 |       0 |      18 |   0.0 |  1206
           D:2 |       0 |      62 |   0.0 |       0 |      23 |   0.0 |   937
           D:3 |       0 |     209 |   0.0 |       0 |      23 |   0.0 |   923
           D:4 |       0 |     898 |   0.0 |       0 |      13 |   0.0 |  1129
           D:5 |       0 |     981 |   0.0 |       0 |      30 |   0.0 |  1784
           D:6 |       0 |    1450 |   0.0 |       0 |      27 |   0.0 |  1422
           D:7 |       0 |    1889 |   0.0 |       0 |      36 |   0.0 |   938
           D:8 |       0 |    2116 |   0.0 |       0 |      21 |   0.0 |  1539
           D:9 |       0 |    1493 |   0.0 |       0 |      19 |   0.0 |  1354
          D:10 |       0 |    6909 |   0.0 |       0 |      57 |   0.0 |  5943
          D:11 |       0 |    6338 |   0.0 |       0 |      32 |   0.0 |  2141
          D:12 |       0 |    7133 |   0.0 |       0 |      28 |   0.0 |  1377
          D:13 |       0 |   15339 |   0.0 |       0 |      45 |   0.0 |  1582
          D:14 |       0 |   11541 |   0.0 |       0 |      37 |   0.0 |   901
          D:15 |       0 |   23690 |   0.0 |       0 |      44 |   0.0 |  1696
        Lair:1 |       0 |   12518 |   0.0 |       0 |      50 |   0.0 |  2831
        Lair:2 |       0 |    8052 |   0.0 |       0 |      25 |   0.0 |  1553
        Lair:3 |       0 |    5810 |   0.0 |       0 |      23 |   0.0 |  1616
        Lair:4 |       0 |    4937 |   0.0 |       0 |      15 |   0.0 |  1055
        Lair:5 |       0 |    5520 |   0.0 |       0 |      21 |   0.0 |  1682
        Lair:6 |       0 |   17338 |   0.0 |       0 |      71 |   0.0 |  3161
      Shoals:1 |       0 |   11560 |   0.0 |       0 |      17 |   0.0 |  1465
      Shoals:2 |       0 |   12487 |   0.0 |       0 |      22 |   0.0 |   915
      Shoals:3 |       0 |   24256 |   0.0 |       0 |      49 |   0.0 |  1298
      Shoals:4 |       0 |   36023 |   0.0 |       0 |      65 |   0.0 |  1575
       Snake:1 |       0 |    3557 |   0.0 |       0 |       8 |   0.0 |   488
       Snake:2 |       0 |   16727 |   0.0 |       0 |      35 |   0.0 |  1483
       Snake:3 |       0 |   39907 |   0.0 |       0 |      66 |   0.0 |  2443
       Snake:4 |       0 |   62208 |   0.0 |       0 |      80 |   0.0 |  2801
         Orc:1 |       0 |    4291 |   0.0 |       0 |      14 |   0.0 |  1197
         Orc:2 |       0 |   14544 |   0.0 |       0 |      64 |   0.0 |  2063
         Elf:1 |       0 |   33238 |   0.0 |       0 |      59 |   0.0 |  2349
         Elf:2 |       0 |   59371 |   0.0 |       0 |      68 |   0.0 |  2767
         Elf:3 |       0 |   39146 |   0.0 |       0 |      36 |   0.0 |  1099
      Vaults:1 |       0 |   86649 |   0.0 |       0 |     116 |   0.0 |  2468
      Vaults:2 |       0 |   40592 |   0.0 |       0 |      65 |   0.0 |  2038
      Vaults:3 |       0 |   84964 |   0.0 |       0 |     109 |   0.0 |  1725
      Vaults:4 |       0 |   83859 |   0.0 |       0 |     101 |   0.0 |  1820
      Vaults:5 |       0 |  119542 |   0.0 |       0 |     127 |   0.0 |  1459
       Crypt:1 |       0 |   25013 |   0.0 |       0 |      34 |   0.0 |   838
       Crypt:2 |       0 |   39372 |   0.0 |       0 |      40 |   0.0 |  1237
       Crypt:3 |       0 |   72249 |   0.0 |       0 |     101 |   0.0 |  1449
      Depths:1 |       0 |   37082 |   0.0 |       0 |      48 |   0.0 |  2503
      Depths:2 |       0 |   63543 |   0.0 |       0 |      89 |   0.0 |  2264
      Depths:3 |       0 |  104885 |   0.0 |       0 |      95 |   0.0 |  2840
      Depths:4 |       0 |   99418 |   0.0 |       0 |      98 |   0.0 |  1732
      Depths:5 |       0 |   53212 |   0.0 |       0 |      55 |   0.0 |  1332
          Hell |       0 |    8067 |   0.0 |       0 |      10 |   0.0 |    87
         Zot:1 |       0 |   79611 |   0.0 |       0 |      45 |   0.0 |  1583
         Zot:2 |       0 |   44959 |   0.0 |       0 |      27 |   0.0 |   792
         Zot:3 |       0 |   59061 |   0.0 |       0 |      29 |   0.0 |  1323
         Zot:4 |       0 |   83721 |   0.0 |       0 |      50 |   0.0 |   526
           Lab |       0 |    2325 |   0.0 |       0 |       7 |   0.0 |   261
       Ossuary |       0 |     237 |   0.0 |       0 |      11 |   0.0 |   283
        WizLab |       0 |   14919 |   0.0 |       0 |      19 |   0.0 |   471
               +---------+---------+-------+---------+---------+-------+---------
